 Dungeon Crawl Stone Soup version 0.19-a0-1013-g40768a3 (webtiles) character file.

1215 vatarom the Skirmisher (level 8, 0/65 HPs)
             Began as a Demonspawn Monk on July 24, 2016.
             Was a Believer of Cheibriados.
             Slain by a jelly (3 damage)
             ... on level 6 of the Dungeon.
             The game lasted 00:10:14 (5463 turns).

vatarom the Skirmisher (Demonspawn Monk)            Turns: 5463, Time: 00:10:15

Health: 0/65       AC: -4    Str: 14    XL:     8   Next: 22%
Magic:  5/8        EV: 13    Int: 16    God:    Cheibriados [**....]
Gold:   253        SH:  0    Dex: 21    Spells: 0 memorised, 7 levels left

rFire  + . .     SeeInvis .       - Unarmed
rCold  x . .     Gourm    .     a - +1 robe
rNeg   . . .     Faith    .     (no shield)
rPois  .         Spirit   .     (no helmet)
rElec  .         Dismiss  .     l - +0 cloak
rCorr  .         Reflect  .     (no gloves)
SustAt .         Harm     .     (no boots)
MR     .....                    b - amulet of regeneration
Stlth  ++........               o - -2 ring of strength (curse)
                                e - ring of fire

@: corroded, very slow, not resistant to hostile enchantments, unstealthy
A: repulsion field 1, demonic guardian 2
a: Bend Time, Renounce Religion


You were on level 6 of the Dungeon.
You worshipped Cheibriados.
Cheibriados was pleased with you.
You were not hungry.

You visited 2 branches of the dungeon, and saw 7 of its levels.

You collected 253 gold pieces.

Inventory:

Armour
 a - a +1 robe (worn)
 l - a +0 cloak (worn)
Jewellery
 b - an amulet of regeneration (around neck)
 e - a ring of fire (left hand)
 h - an uncursed ring of flight
 j - an uncursed ring of teleportation
 n - an uncursed ring of protection from fire {unknown}
 o - a cursed -2 ring of strength (right hand)
Scrolls
 i - 6 scrolls of identify
 p - a scroll of teleportation
Potions
 d - a potion of flight
Comestibles
 c - a meat ration
 f - a bread ration
 g - a fruit
 k - 2 beef jerkies


   Skills:
 + Level 6.6 Fighting
 - Level 5.2 Dodging
 - Level 1.7 Stealth
 - Level 6.2 Unarmed Combat


You had 7 spell levels left.
You didn't know any spells.

Dungeon Overview and Level Annotations

Branches:
Dungeon (6/15)             Temple (1/1) D:5

Altars:
Cheibriados
Dithmenos
Elyvilon
Kikubaaqudgha
Makhleb
Nemelex Xobeh
Okawaru
Pakellas
Qazlal
Vehumet
Yredelemnul
The Shining One
Lugonu


Innate Abilities, Weirdness & Mutations

You are surrounded by a mild repulsion field. (EV +2)
A demonic guardian rushes to your aid.


Message History

* * * LOW HITPOINT WARNING * * *
You feel better. The jelly completely misses you.
You hit the jelly.
Your hands burn!
* * * LOW HITPOINT WARNING * * *
The jelly is moderately wounded.
The jelly misses you.
Okay, then.
You hit the jelly.
Your hands burn!
* * * LOW HITPOINT WARNING * * *
The jelly is moderately wounded.
The jelly hits you.
* * * LOW HITPOINT WARNING * * *
You are splashed with acid!
The acid burns!
* * * LOW HITPOINT WARNING * * *
The flow of time bends around you.
Cheibriados rebukes the jelly.
The jelly seems to slow down.
You feel slightly more hungry.
There is a stone staircase leading up here.
The jelly hits you.
You die...

#########
##.......#
.........+
#......?#
+..$...@+
#......J##
#........#
#.......)#
#......$.+
.....#....#
###..#>....
#..#####.#
#. +#


You could see a jelly.

Vanquished Creatures
  Grinder (D:3)
  A hippogriff (D:3)
  An ice beast (D:5)
  A phantom (D:4)
  An ogre (D:5)
  A scorpion (D:5)
  3 crimson imps (D:5)
  A hound (D:5)
  Crazy Yiuf (D:3)
  A centaur skeleton (D:4)
  An iguana (D:5)
  4 worker ants
  A hound skeleton (D:4)
  7 gnolls
  9 adders
  2 shadow imps (D:5)
  An ooze (D:1)
  A worm (D:3)
  A dart slug (D:2)
  5 giant geckos
  11 orcs
  A giant cockroach (D:3)
  5 goblins
  13 hobgoblins
  2 quokkas
  A ball python (D:3)
  5 bats
  4 giant newts
  8 kobolds
  8 rats
  A demonic plant (Temple)
103 creatures vanquished.

Vanquished Creatures (collateral kills)
  An ogre (D:4)
  An orc priest (D:3)
  A giant cockroach zombie (D:5)
3 creatures vanquished.

Grand Total: 106 creatures vanquished

Notes
Turn   | Place    | Note
-------+----------+-------------------------------------------
     0 | D:1      | vatarom the Demonspawn Monk began the quest for the Orb.
     0 | D:1      | Reached XP level 1. HP: 18/18 MP: 1/1
   556 | D:1      | Gained mutation: A weak demonic guardian rushes to your aid. [demonic ancestry]
   556 | D:1      | Reached XP level 2. HP: 20/24 MP: 2/2
  1602 | D:2      | Gained mutation: You are surrounded by a mild repulsion field. (EV +2) [demonic ancestry]
  1602 | D:2      | Reached XP level 3. HP: 29/30 MP: 3/3
  1624 | D:2      | Found a shadowy altar of Dithmenos.
  2231 | D:3      | Reached XP level 4. HP: 37/37 MP: 4/4
  2385 | D:3      | Found a runed door.
  2431 | D:3      | Noticed Grinder
  2456 | D:3      | Paralysed by Grinder for 5 turns
  2482 | D:3      | Paralysed by Grinder for 3 turns
  2485 | D:3      | Killed Grinder
  2485 | D:3      | Reached skill level 5 in Unarmed Combat
  2485 | D:3      | Reached XP level 5. HP: 17/42 MP: 5/5
  2686 | D:3      | Reached XP level 6. HP: 37/48 MP: 6/6
  2714 | D:3      | Noticed a hippogriff
  2724 | D:3      | Killed a hippogriff
  3128 | D:3      | Found a burning altar of Makhleb.
  3355 | D:3      | Noticed Crazy Yiuf
  3369 | D:3      | Killed Crazy Yiuf
  3697 | D:4      | Found an ancient bone altar of Kikubaaqudgha.
  3774 | D:4      | Reached XP level 7. HP: 38/54 MP: 7/7
  4391 | D:5      | Entered Level 5 of the Dungeon
  4407 | D:5      | Reached skill level 5 in Dodging
  4920 | D:5      | Reached skill level 5 in Fighting
  5068 | D:5      | Gained mutation: A demonic guardian rushes to your aid. [demonic ancestry]
  5068 | D:5      | Reached XP level 8. HP: 62/64 MP: 8/8
  5101 | D:5      | Found a staircase to the Ecumenical Temple.
  5115 | Temple   | Entered the Ecumenical Temple
  5215 | Temple   | Became a worshipper of Cheibriados the Contemplative
  5215 | Temple   | Reached * piety under Cheibriados
  5215 | Temple   | Reached ** piety under Cheibriados
  5460 | D:6      | HP: 1/65 [acid (10)]
  5463 | D:6      | Slain by a jelly

Vault maps used:
D:1:      dpeg_arrival_water_fire, minmay_door_square
D:2:      grunt_dithmenos_smoke, first_bread, minmay_box_of_dots
D:3:      marbit_many_paths, minmay_quantized, uniq_crazy_yiuf_cottage,
          uniq_grinder
D:4:      wad_lake_hut, kiku_gazebo_garden_becter
D:6:      zin_academy, lemuel_coloured_pillars_altar, serial_shops,
          nicolae_shop_crystal, shop, okawaru_ov_weapons_minmay
Temple:   kb_corrupted_temple

Skill      XL: |  1  2  3  4  5  6  7  8 |
---------------+-------------------------+-----
Fighting       | 4 5 6 |  6.6
Unarmed Combat | 3 5 6 |  6.2
Dodging        | 4 5 |  5.2
Stealth        | |  1.7

Action                   |  1- 3 |  4- 6 |  7- 9 || total
-------------------------+-------+-------+-------++-------
Melee: Unarmed           |   142 |   162 |   244 ||   548
       Punch             |     2 |     2 |    10 ||    14
Invok: Bend Time         |       |       |     1 ||     1
  Use: Scroll            |     4 |     3 |     1 ||     8
       Potion            |     1 |     3 |     1 ||     5
 Stab: Sleeping          |     7 |     4 |       ||    11
       Distracted        |       |     1 |     2 ||     3
  Eat: Bread ration      |     1 |     2 |       ||     3
       Chunk             |       |     3 |       ||     3
Armor: Robe              |    21 |    15 |    22 ||    58
Dodge: Dodged            |    77 |   109 |   164 ||   350
